 Dungeon Crawl Stone Soup version 0.31.0-32-g396128a36d (webtiles) character file.

Game seed: 6121503308487782350

582 jagang the Slasher (level 7, -2/55 HPs)
             Began as a Human Monk on Mar 12, 2024.
             Slain by an orc
             ... wielding a +0 flail
              (3 damage)
             ... on level 5 of the Dungeon.
             The game lasted 00:06:35 (3841 turns).

jagang the Slasher (Human Monk)                     Turns: 3841, Time: 00:06:36

Health: -2/55      AC: 11    Str: 11    XL:     7   Next: 36%
Magic:  7/7        EV:  3    Int: 11    God:
Gold:   170        SH:  0    Dex: 23    Spells: 6/6 levels left

rFire   . . .        f - +0 scimitar
rCold   . . .        d - orb {light}
rNeg    . . .        w - +0 plate armour
rPois   .            (no helmet)
rElec   .            (no cloak)
rCorr   .            (no gloves)
SInv    .            (no boots)
Will    .....        (no amulet) Stlth
                     e - +4 ring of slaying
HPRegen 0.29/turn    u - +6 ring of dexterity
MPRegen 0.10/turn

%: no passive effects
@: confused, ambrosia-drunk, glowing
A: explore regen
a: no special abilities


You were on level 5 of the Dungeon.
You visited 1 branch of the dungeon, and saw 5 of its levels.

You collected 170 gold pieces.

Inventory:

Hand Weapons
 f - a +0 scimitar (weapon)
 r - a +2 dagger of flaming
Missiles
 p - a poisoned dart (quivered)
Armour
 d - an orb of light (worn)
 w - a +0 plate armour (worn)
Jewellery
 e - a +4 ring of slaying (left hand)
 u - a +6 ring of dexterity (right hand)
Wands
 t - a wand of mindburst (9)
Scrolls
 h - a scroll of identify
 j - 2 scrolls of enchant armour
 l - a scroll of vulnerability
 m - a scroll of revelation
 n - 3 scrolls of teleportation
 y - a scroll of immolation {unknown}
Potions
 a - a potion of cancellation {unknown}
 b - a potion of brilliance
 g - 2 potions of enlightenment {unknown}
 i - a potion of heal wounds {unknown}
 k - a potion of magic {unknown}
 o - a potion of haste {unknown}
 q - a potion of might {unknown}
 s - a potion of curing {unknown}
 v - a potion of lignification {unknown}
 x - a potion of resistance {unknown}


   Skills:
 + Level 4.4 Fighting
 * Level 5.4 Long Blades
 - Level 2.0 Throwing
 + Level 3.0 Armour
 - Level 4.1 Dodging
 + Level 1.0 Shields


You had 6 spell levels left.
You didn't know any spells.
Your spell library was empty.

Dungeon Overview and Level Annotations

Branches:
Dungeon (5/15)
 Temple: D:4-7

Altars:
Cheibriados
Dithmenos

Shops:
D:2 :

Annotations:
D:3 1 runed translucent door, PaiMei's ghost, amateur DsNe


Innate Abilities, Weirdness & Mutations

You regain HP and MP as you explore.


Message History

The orc hits you with a +0 hand axe.
The orc wizard hits you but does no damage.
You hit the orc wizard.
The orc wizard is heavily wounded.
The orc hits you but does no damage.
The orc wizard hits you but does no damage.
You hit the orc wizard.
The orc wizard is almost dead.
The orc wizard hits you but does no damage.
The orc hits you with a +0 flail. The orc hits you with a +0 hand axe.
The ogre hits you with a +0 giant club!
You closely miss the orc wizard.
The orc wizard is almost dead.
The orc completely misses you. The orc hits you but does no damage.
The orc wizard points at you and mumbles some strange words.
You resist with some effort. The ogre hits you with a +0 giant club!
The orc hits you but does no damage.
The orc wizard hits you but does no damage.
The orc hits you but does no damage.
You hit the orc wizard.
You kill the orc wizard!
The ogre hits you with a +0 giant club!!
* * * LOW HITPOINT WARNING * * *
The orc hits you but does no damage. The orc barely misses you.
Your Armour skill increases to level 3!
Your Shields skill increases to level 1!
Okay, then.
Okay, then.
Sorry, you're not good enough to have a special ability.
Okay, then.
You are confused.
You feel invigorated. The orc hits you but does no damage. x4
You're too confused to attack without stumbling around!
You're too confused to attack without stumbling around!
The orc barely misses you. The orc hits you but does no damage.
You see here a poisoned dart.
The ogre hits you with a +0 giant club!
* * * LOW HITPOINT WARNING * * *
The orc hits you but does no damage. The orc hits you with a +0 flail.
You die...

##+## ##...## #
##.....##
#.#...o...## #..
##.....o@...####....>
......)Oo((.)........
###.....o...####.....
#.....<..## #.#
#.#.....## # ##...##
##+##


You could see an ogre and 4 orcs.

Vanquished Creatures
  The ghost of Zeo the Covert, an amateur SpBr of Dithmenos (D:4)
  An ice beast (D:4)
  An ogre (D:5)
  A scorpion (D:4)
  A bombardier beetle (D:3)
  A hound (D:5)
  An orc priest (D:4)
  Jessica (D:3)
  An orc wizard (D:5)
  4 adders
  2 dart slugs (D:1)
  2 ribbon worms (D:4)
  8 orcs
  2 ball pythons
  2 endoplasms
  2 giant cockroaches
  4 goblins
  5 hobgoblins
  5 quokkas
  5 bats
  A frilled lizard (D:1)
  8 kobolds
  2 rats (D:3)
61 creatures vanquished.

Notes
Turn   | Place    | Note
-------+----------+-------------------------------------------
     0 | D:1      | jagang the Human Monk began the quest for the Orb.
     0 | D:1      | Reached XP level 1. HP: 18/18 MP: 1/1
    99 | D:1      | Reached XP level 2. HP: 24/24 MP: 2/2
   951 | D:2      | Found Nositziu's Book Shoppe.
  1036 | D:2      | Found a shadowy altar of Dithmenos.
  1198 | D:2      | Reached XP level 3. HP: 29/29 MP: 3/3
  1491 | D:2      | Reached skill level 1 in Armour
  1656 | D:3      | You fall into a shaft and drop 1 floor!
  1869 | D:3      | Found a snail-covered altar of Cheibriados.
  1878 | D:3      | Reached XP level 4. HP: 35/35 MP: 4/4
  2222 | D:3      | Found a faded altar of an unknown god.
  2239 | D:3      | Noticed Jessica
  2251 | D:3      | Killed Jessica
  2252 | D:3      | Reached skill level 4 in Long Blades
  2252 | D:3      | Reached skill level 1 in Throwing
  2381 | D:3      | Noticed PaiMei's ghost (amateur DsNe)
  2382 | D:3      | Found a runed translucent door.
  2413 | D:3      | Reached XP level 5. HP: 41/41 MP: 5/5
  2951 | D:4      | Noticed Zeo's ghost (amateur SpBr)
  2954 | D:4      | Found a runed translucent door.
  3049 | D:4      | Noticed an ice beast
  3057 | D:4      | Killed an ice beast
  3191 | D:4      | Reached XP level 6. HP: 48/48 MP: 6/6
  3743 | D:4      | Killed Zeo's ghost
  3744 | D:4      | Reached skill level 5 in Long Blades
  3744 | D:4      | Reached XP level 7. HP: 53/54 MP: 7/7
  3809 | D:5      | Entered Level 5 of the Dungeon
  3838 | D:5      | HP: 2/55 [ogre/+0 giant club (19)]
  3839 | D:5      | Reached skill level 1 in Shields
  3841 | D:5      | Slain by an orc

Illustrated notes

Levels and vault maps discovered:
D:1:      dpeg_arrival_tiny_k, layout_basic, wad_floor_pattern_untrapped
D:2:      layout_basic, serial_shops, shop_statue, basic_altar,
          nicolae_houndstooth_variations
D:3:      layout_loops_corners, slow_altar_1, gammafunk_ghost_grave,
          hellmonk_ecumenical_altar_pennies_from_heaven, kennysheep_nondescript,
          uniq_jessica
D:4:      layout_loops_corners, hellmonk_ghost_happy_afterlife
D:5:      layout_loops_corners, portal_sewer_entry_a, corexii_hall_statues_s,
          minmay_manual_mares

Skill      XL: |  1  2  3  4  5  6  7 |
---------------+----------------------+-----
Armour         | 1 2 3 |  3.0
Long Blades    | 4 5 |  5.4
Throwing       | 1 2 |  2.0
Fighting       | 4 |  4.4
Dodging        | 4 |  4.1
Shields        | 1 |  1.0

Action                     |  1- 3 |  4- 6 |  7- 9 || total
---------------------------+-------+-------+-------++-------
  Melee: Falchion          |    46 |    33 |       ||    79
         Scimitar          |       |    37 |    11 ||    48
  Throw: Dart              |     4 |     2 |     4 ||    10
    Use: Scroll            |     5 |       |       ||     5
         Potion            |       |       |     1 ||     1
 Armour: Robe              |     4 |       |       ||     4
         Chain mail        |    22 |    20 |       ||    42
         Plate armour      |       |    30 |    27 ||    57
  Dodge: Dodged            |    15 |    15 |     4 ||    34
